 Dungeon Crawl Stone Soup version 0.22-b1-26-g9dbaab1 (webtiles) character file.

308 Gergoth the Magician (level 6, -3/32 HPs)
             Began as a Deep Elf Fire Elementalist on Aug 7, 2018.
             Slain by a centaur (6 damage)
             ... on level 5 of the Dungeon.
             The game lasted 00:11:01 (5072 turns).

Gergoth the Magician (Deep Elf Fire Elementalist)   Turns: 5072, Time: 00:11:02

Health: -3/32      AC:  4    Str: 10    XL:     6   Next: 16%
Magic:  3/16       EV: 13    Int: 20    God:
Gold:   155        SH:  0    Dex: 15    Spells: 8/16 levels left

rFire    + . .     SeeInvis .   l - +2 dagger (venom)
rCold    x . .     Gourm    .   (no shield)
rNeg     . . .     Faith    .   a - +0 robe
rPois    .         Spirit   .   (no helmet)
rElec    .         Reflect  .   t - +1 cloak
rCorr    .         Harm     .   (no gloves)
MR       .....                  (no boots)
Stlth    ++........             r - amulet of the Countless Moons {rC- Regen+ Str+3}
HPRegen  0.50/turn              e - ring of protection from fire
MPRegen  0.15/turn              (no ring)

@: about to teleport, very slightly contaminated
A: no striking features
a: no special abilities


You were on level 5 of the Dungeon.
You were hungry.

You visited 1 branch of the dungeon, and saw 5 of its levels.

You collected 155 gold pieces.

Inventory:

Hand Weapons
 l - a +2 dagger of venom (weapon)
Armour
 a - a +0 robe (worn)
 t - a +1 cloak (worn)
Jewellery
 e - a ring of protection from fire (left hand)
 r - the amulet of the Countless Moons (around neck) {rC- Regen+ Str+3}
   (You found it on level 4 of the Dungeon)

   [amulet of regeneration]

   It affects your strength (+3).
   It makes you vulnerable to cold.
   It increases your rate of regeneration.
Scrolls
 b - a scroll of magic mapping
 h - a scroll of teleportation
 o - a scroll of enchant armour {unknown}
Potions
 d - a potion of degeneration {unknown}
 f - 2 potions of brilliance
 g - 2 potions of agility {unknown}
 j - 2 potions of flight {unknown}
 p - a potion of curing {unknown}
 s - a potion of might {unknown}
Comestibles
 c - 5 rations
 i - 6 chunks of flesh


   Skills:
 - Level 2.4 Dodging
 - Level 2.4 Stealth
 + Level 5.5 Spellcasting
 + Level 4.0 Conjurations
 + Level 5.1 Fire Magic


You had 8 spell levels left.
You knew the following spells:

 Your Spells              Type           Power        Failure   Level  Hunger
a - Flame Tongue          Conj/Fire      ###..        1%          1    None
b - Conjure Flame         Conj/Fire      ###.....     4%          3    ##.....
c - Sticky Flame          Conj/Fire      ###.....     17%         4    ####...

Your spell library contained the following spells:

 Spells                   Type           Power        Failure   Level  Hunger
 Fireball                 Conj/Fire      ###.......   43%         5    #####..
 Throw Flame              Conj/Fire      ###...       2%          2    None
 Inner Flame              Hex/Fire       ###.....     12%         3    ##.....


Dungeon Overview and Level Annotations

Branches:
Dungeon (5/15)
 Temple: D:4-7

Altars:
Cheibriados
Dithmenos
Fedhas
Qazlal
Sif Muna
Xom
The Shining One

Annotations:
D:3 Grinder


Message History

Casting: Sticky Flame (slightly dangerous; 17% risk of failure)
Confirm with . or Enter, or press ? or * to list all spells.
Aiming: Sticky Flame (slightly dangerous; 17% risk of failure)
Press: ? - help, Shift-Dir - straight line, f/p - centaur
Aim: a centaur You miscast Sticky Flame.
Lukewarm flames ripple over your body.
You are feeling hungry.
The centaur barely misses you. The centaur misses you.
Casting: Sticky Flame (slightly dangerous; 17% risk of failure)
Confirm with . or Enter, or press ? or * to list all spells.
You don't have enough magic to cast that spell.
Unknown command.
You aren't carrying any items that you can evoke.
Unknown command.
As you read the scroll of teleportation, it crumbles to dust.
You feel strangely unstable. The centaur hits you.
You completely miss the centaur. The centaur hits you!
* * * LOW HITPOINT WARNING * * *
The centaur hits you.
You die...

...<....#####.......#
#####.### #.......#
#.......# ##..[..##
#..รท....# ##.....##
#<......# #.......#
#.......# #.......#
######...# #....(..#
##.#####..(..##
#....../(@c## #
######.###...... #
#..# ...... ##
#.....c.... .#
#.#........ .##
........... ..##
........... #..## ...
..... ##..#####.
..........


You could see a centaur.

Vanquished Creatures
  A hound (D:3)
  An orc wizard (D:5)
  2 orc priests (D:3)
  2 iguanas (D:4)
  3 adders
  6 worms
  A dart slug (D:1)
  3 leopard geckos
  6 orcs
  6 bats
  3 giant cockroaches
  7 goblins
  7 hobgoblins
  12 jackals
  6 kobolds
  4 quokkas
  A ball python (D:5)
  5 frilled lizards
  A giant cockroach zombie (D:5)
  A jackal skeleton (D:4)
  A quokka skeleton (D:4)
  8 rats
87 creatures vanquished.

Vanquished Creatures (others)
  A fire vortex (D:5)
1 creature vanquished.

Grand Total: 88 creatures vanquished

Notes
Turn   | Place    | Note
-------+----------+-------------------------------------------
     0 | D:1      | Gergoth the Deep Elf Fire Elementalist began the quest for the Orb.
     0 | D:1      | Reached XP level 1. HP: 10/10 MP: 6/6
   159 | D:1      | Reached XP level 2. HP: 15/15 MP: 6/8
  1263 | D:1      | Reached XP level 3. HP: 19/19 MP: 8/10
  1373 | D:2      | Found a stormy altar of Qazlal.
  2156 | D:2      | Learned a level 3 spell: Conjure Flame
  2555 | D:2      | Reached XP level 4. HP: 8/24 MP: 7/12
  2868 | D:2      | Learned a level 4 spell: Sticky Flame
  3093 | D:3      | Reached XP level 5. HP: 28/28 MP: 3/14
  3289 | D:3      | Noticed Grinder
  3299 | D:3      | Paralysed by Grinder for 4 turns
  3717 | D:3      | Reached skill level 5 in Spellcasting
  3786 | D:3      | Found a shadowy altar of Dithmenos.
  4212 | D:4      | Reached skill level 5 in Fire Magic
  4265 | D:4      | Got a coiled diamond amulet
  4381 | D:4      | Found a shadowy altar of Dithmenos.
  4383 | D:4      | Found a shimmering altar of Xom.
  4519 | D:4      | Reached XP level 6. HP: 32/32 MP: 9/16
  4549 | D:4      | Found a deep blue altar of Sif Muna.
  4552 | D:4      | Found a glowing golden altar of the Shining One.
  4560 | D:4      | Found a snail-covered altar of Cheibriados.
  4571 | D:4      | Identified the amulet of the Countless Moons {rC- Regen+ Str+3} (You found it on level 4 of the Dungeon)
  4710 | D:4      | Found a blossoming altar of Fedhas.
  4798 | D:5      | Entered Level 5 of the Dungeon
  4896 | D:5      | Noticed an ice beast
  5072 | D:5      | Slain by a centaur

Skill      XL: |  1  2  3  4  5  6 |
---------------+-------------------+-----
Conjurations   | 2 3 4 |  4.0
Fire Magic     | 4 5 |  5.1
Spellcasting   | 4 5 |  5.5
Dodging        | |  2.4
Stealth        | |  2.4

Action                   |  1- 3 |  4- 6 || total
-------------------------+-------+-------++-------
Melee: Dagger            |     1 |     1 ||     2
       Unarmed           |     1 |       ||     1
 Cast: Flame Tongue      |    81 |    89 ||   170
       Sticky Flame      |       |     4 ||     4
       Conjure Flame     |       |     2 ||     2
  Use: Scroll            |       |     9 ||     9
 Stab: Sleeping          |     1 |       ||     1
  Eat: Chunk             |     3 |     7 ||    10
       Ration            |       |     1 ||     1
Armor: Robe              |     3 |    10 ||    13
Dodge: Dodged            |    26 |    42 ||    68
